 Dungeon Crawl Stone Soup version 0.28.0-53-g5a82cb258f (webtiles) character file.

Game seed: 16560309799326126744

1285 firemarshallily the Covert (level 8, 0/74 HPs)
             Began as a Naga Gladiator on June 16, 2022.
             Slain by a vampire mosquito (3 damage)
             ... on level 6 of the Dungeon.
             The game lasted 00:22:53 (5514 turns).

firemarshallily the Covert (Naga Gladiator)         Turns: 5514, Time: 00:22:54

Health: 0/74       AC:  8    Str: 22    XL:     8   Next: 55%
Magic:  8/8        EV: 10    Int:  9    God:
Gold:   311        SH:  0    Dex: 17    Spells: 7/7 levels left

rFire   . . .      SeeInvis +   o - +9 trident "Jellyslayer" {elec, *Slow Str+5 Dex+3}
rCold   . . .      Faith    .   (no shield)
rNeg    + . .      Spirit   .   b - +0 leather armour
rPois   +          Reflect  .   c - +1 helmet
rElec   .          Harm     .   x - +1 cloak
rCorr   .          Rampage  .   (no gloves)
Will    +....                   (no barding)
Stlth   +++++.....              (no amulet)
HPRegen 0.22/turn               B - ring of positive energy
MPRegen 0.11/turn               u - ring of flight

@: mighty, flying, hasted, quick
A: AC +2, large, see invisible, deformed body, poison resistance, slowness 2,
spit poison 1, naga tail 1
a: Spit Poison


You were on level 6 of the Dungeon.
You visited 2 branches of the dungeon, and saw 7 of its levels.
You also visited: Sewer.

You collected 311 gold pieces.

Inventory:

Hand Weapons
 a - a +2 rapier
 o - the +9 trident "Jellyslayer" (weapon) {elec, *Slow Str+5 Dex+3}
   (You found it on level 3 of the Dungeon)

   It occasionally discharges a powerful burst of electricity upon striking a
   foe.
   Str:       It affects your strength (+5).
   Dex:       It affects your dexterity (+3).
   *Slow:     It may slow you when you take damage.
 y - a +2 dagger of venom
Missiles
 d - 4 throwing nets
 f - 4 javelins
 i - 8 poisoned darts
 j - 169 stones
 r - 6 boomerangs
Armour
 b - a +0 leather armour (worn)
 c - a +1 helmet (worn)
 x - a +1 cloak (worn)
Jewellery
 k - a ring of magical power
 u - a ring of flight (right hand)
 B - a ring of positive energy (left hand)
Wands
 s - a wand of charming (8)
 A - a wand of polymorph (8)
Scrolls
 e - 3 scrolls of fear
 w - a scroll of magic mapping
Potions
 h - a potion of haste
 l - 2 potions of lignification {unknown}
 m - 4 potions of curing
 p - 2 potions of degeneration {unknown}
 q - a potion of attraction {unknown}
 t - a potion of cancellation {unknown}
 v - a potion of invisibility {unknown}


   Skills:
 + Level 5.3 Fighting
 - Level 3.3 Short Blades
 + Level 4.5 Polearms
 - Level 2.0 Throwing
 - Level 2.4 Dodging
 * Level 10.8 Stealth


You had 7 spell levels left.
You didn't know any spells.
Your spell library contained the following spells:

 Spells                   Type           Power      Damage    Failure   Level
 Confusing Touch          Hex            0%         N/A       80%         3
 Gell's Gravitas          Tloc           0%         N/A       80%         3
 Inner Flame              Hex/Fire       0%         N/A       80%         3
 Lesser Beckoning         Tloc           0%         N/A       80%         3
 Teleport Other           Tloc           0%         N/A       80%         3
 Cause Fear               Hex            0%         N/A       99%         4
 Yara's Violent Unravell  Hex/Tmut       0%         3d3       100%        5
 Enfeeble                 Hex            0%         N/A       100%        7
 Discord                  Hex            0%         N/A       100%        8


Dungeon Overview and Level Annotations

Branches:
Dungeon (6/15)             Temple (1/1) D:4           Sewer (visited)

Altars:
Cheibriados
Elyvilon
Fedhas
Gozag
Makhleb
Nemelex Xobeh
Okawaru
Qazlal
Ru
Sif Muna
Wu Jian
Xom
Yredelemnul
Zin
The Shining One


Innate Abilities, Weirdness & Mutations

Your serpentine skin is tough. (AC +2)
You have supernaturally acute eyesight. (SInv)
Armour fits poorly on your strangely shaped body.
Your system is resistant to poisons. (rPois)
You cover ground very slowly.
You can spit poison.
You have a snake-like lower body.


Message History

The vampire mosquito draws strength from your injuries!
The vampire mosquito barely misses you.
The vampire mosquito closely misses you.
You miss the vampire mosquito. The vampire mosquito bites you.
The vampire mosquito bites you!
The vampire mosquito draws strength from your injuries!
The vampire mosquito barely misses you. x2
You feel yourself speed up. The vampire mosquito bites you.
The vampire mosquito bites you but does no damage.
The vampire mosquito bites you.
The vampire mosquito draws strength from your injuries!
The vampire mosquito bites you!
* * * LOW HITPOINT WARNING * * *
The vampire mosquito draws strength from your injuries!
You feel much better. The vampire mosquito bites you.
The vampire mosquito misses you. The vampire mosquito bites you!
* * * LOW HITPOINT WARNING * * *
The vampire mosquito draws strength from your injuries!
You feel very mighty all of a sudden. The vampire mosquito barely misses you.
The vampire mosquito bites you.
* * * LOW HITPOINT WARNING * * *
The vampire mosquito bites you.
* * * LOW HITPOINT WARNING * * *
The vampire mosquito draws strength from your injuries!
It was a potion of curing.
You feel better.
The vampire mosquito bites you but does no damage.
The vampire mosquito barely misses you.
You closely miss the vampire mosquito. The vampire mosquito barely misses you.
The vampire mosquito bites you.
* * * LOW HITPOINT WARNING * * *
You impale the vampire mosquito!!
The vampire mosquito is almost destroyed.
The vampire mosquito bites you.
* * * LOW HITPOINT WARNING * * *
The vampire mosquito draws strength from your injuries!
The vampire mosquito bites you.
* * * LOW HITPOINT WARNING * * *
The vampire mosquito draws strength from your injuries!
The vampire mosquito bites you.
You die...

y...........
.....).....
.#.
..).......#
#..
..........#
..
.......... .
......... #
#.......# #
#sy## ##y@#
#..##
####..#
##.....##...
#..........#
#
#........###
###
##........#
..####
#.........#
#....###
##.........#


You could see 2 vampire mosquitoes and a scorpion.

Vanquished Creatures
  2 vampire mosquitoes (D:6)
  Pargi (Sewer)
  A necrophage (D:6)
  2 scorpions
  A water moccasin zombie (D:5)
  A water moccasin skeleton (D:5)
  A howler monkey (D:5)
  4 jellies
  An orc priest (D:3)
  Crazy Yiuf (D:4)
  A gnoll shaman (D:4)
  An iguana (D:5)
  An orc wizard (D:4)
  A hound skeleton (D:4)
  7 gnolls
  7 adders
  A river rat (D:3)
  An ufetubus (D:5)
  A worm (D:3)
  2 dart slugs
  16 orcs
  9 endoplasms
  3 giant cockroaches
  A goblin (D:3)
  9 hobgoblins
  6 jackals
  6 quokkas
  6 ball pythons
  A bat (D:3)
  8 frilled lizards
  4 kobolds
  3 rats
110 creatures vanquished.

Vanquished Creatures (collateral kills)
  A scorpion (D:5)
1 creature vanquished.

Vanquished Creatures (others)
  A fungus (D:4)
1 creature vanquished.

Grand Total: 112 creatures vanquished

Notes
Turn   | Place    | Note
-------+----------+-------------------------------------------
     0 | D:1      | firemarshallily the Naga Gladiator began the quest for the
                  | Orb.
     0 | D:1      | Reached XP level 1. HP: 19/19 MP: 1/1
    97 | D:1      | Reached skill level 1 in Stealth
   254 | D:1      | Reached XP level 2. HP: 26/26 MP: 2/2
   393 | D:1      | Reached skill level 2 in Stealth
   915 | D:1      | Reached XP level 3. HP: 24/33 MP: 3/3
  1175 | D:1      | Found a faded altar of an unknown god.
  1524 | D:2      | Reached skill level 3 in Stealth
  2089 | D:3      | Found a stormy altar of Qazlal.
  2100 | D:3      | Found a snail-covered altar of Cheibriados.
  2258 | D:3      | Identified the +9 trident "Jellyslayer" {elec, *Slow Str+5
                  | Dex+3}
  2301 | D:3      | Reached skill level 4 in Stealth
  2301 | D:3      | Reached XP level 4. HP: 28/40 MP: 4/4
  2458 | D:3      | Found a glowing drain.
  2466 | D:3      | Reached skill level 1 in Polearms
  2478 | Sewer    | Entered a sewer
  2587 | Sewer    | Noticed Pargi
  2597 | Sewer    | Killed Pargi
  2598 | Sewer    | Reached skill level 5 in Stealth
  2598 | Sewer    | Reached XP level 5. HP: 19/49 MP: 5/5
  3063 | D:3      | Found a sacrificial altar of Ru.
  3168 | D:3      | Reached skill level 6 in Stealth
  3200 | D:3      | Reached XP level 6. HP: 51/56 MP: 6/6
  3544 | D:4      | Found a staircase to the Ecumenical Temple.
  3568 | Temple   | Entered the Ecumenical Temple
  3858 | D:4      | Found a shimmering altar of Xom.
  3904 | D:4      | Reached skill level 7 in Stealth
  4175 | D:4      | Reached XP level 7. HP: 64/64 MP: 7/7
  4296 | D:4      | Found a white marble altar of Elyvilon.
  4378 | D:4      | Found a runed translucent door.
  4379 | D:4      | Noticed Crazy Yiuf
  4386 | D:4      | Killed Crazy Yiuf
  4549 | D:5      | Entered Level 5 of the Dungeon
  4839 | D:5      | Reached skill level 8 in Stealth
  4930 | D:5      | Found an ornate altar of the Wu Jian Council.
  5015 | D:5      | Reached skill level 9 in Stealth
  5107 | D:5      | Reached XP level 8. HP: 73/73 MP: 8/8
  5496 | D:6      | Reached skill level 5 in Fighting
  5496 | D:6      | Reached skill level 10 in Stealth
  5514 | D:6      | HP: 3/74 [vampire mosquito (3)]
  5514 | D:6      | Slain by a vampire mosquito

Illustrated notes

Levels and vault maps discovered:
D:1:      scummos_arrival_checkerplants, layout_basic,
          shapermc_ecumenical_altar_mp_vishouse, minmay_nonomino_d4
D:2:      layout_loops_ring, amcnicky_mini_corridor_feature
D:3:      layout_loops_corners, mainiacjoe_overflow_24_doors,
          overflow_temple_1_default, mainiacjoe_overflow_small_starburst,
          portal_sewer_entry_b, minmay_misc_feat_alley
D:4:      layout_loops_ring, lemuel_coloured_pillars_altar, marbit_many_paths,
          minmay_temple_entry_grid, hangedman_decor_slide_cut,
          hangedman_decor_peaks_small, uniq_crazy_yiuf_cottage
D:5:      layout_loops_ring, nzn_wu_jian_contemplation
D:6:      layout_cave_pods
Temple:   nicolae_temple_figure_zero

Skill      XL: |  1  2  3  4  5  6  7  8 |
---------------+-------------------------+-----
Stealth        | 1 2 4 5 6 7 9 10 | 10.8
Throwing       | 2 |  2.0
Polearms       | 1 2 3 4 |  4.5
Fighting       | 3 4 5 |  5.3
Short Blades   | |  3.3
Dodging        | |  2.4

Action                   |  1- 3 |  4- 6 |  7- 9 || total
-------------------------+-------+-------+-------++-------
Melee: Rapier            |    79 |       |       ||    79
       Trident           |     1 |    65 |    80 ||   146
       Punch             |       |     1 |     1 ||     2
 Abil: Spit Poison       |    24 |    26 |    16 ||    66
  Use: Scroll            |     6 |     1 |     6 ||    13
       Potion            |       |       |     6 ||     6
 Stab: Sleeping          |     3 |     1 |     2 ||     6
       Distracted        |       |       |     1 ||     1
Armor: Leather armour    |    16 |    13 |    22 ||    51
Dodge: Dodged            |    48 |    32 |    60 ||   140
